 Dungeon Crawl Stone Soup version 0.26.1-11-gd32895ea62 (webtiles) character file.

Game seed: 10712796849613863129

32798 Amplified the Transmogrifier (level 13, -4/103 HPs)
             Began as a Vampire Ice Elementalist on July 10, 2021.
             Was a High Priest of Makhleb.
             Slain by a nine-headed hydra (14 damage)
             ... on level 5 of the Lair of Beasts.
             The game lasted 00:42:16 (16187 turns).

Amplified the Transmogrifier (VpIE)                Turns: 16187, Time: 00:42:17

Health: -4/103     AC: 13    Str: 14    XL:     13   Next: 33%
Magic:  33/38      EV: 13    Int: 26    God:    Makhleb [*****.]
Gold:   975        SH:  0    Dex: 17    Spells: 8/34 levels left

rFire    . . .     SeeInvis +   r - +8 glaive "Xeqaul" {venom, +Inv Str+6}
rCold    + . .     Faith    .   (shield currently unavailable)
rNeg     . . .     Spirit   .   B - +0 steam dragon scales
rPois    +         Reflect  .   S - +3 hat of Pondering {ponderous, Will+ MP+10 Int+5}
rElec    .         Harm     .   e - +1 cloak {rC+}
rCorr    .         Rampage  .   C - +1 pair of gloves
Will     +++..     Clarity  +   b - +0 pair of boots
Stlth    ++++......             j - amulet of magic regeneration
HPRegen  0.47/turn              I - ring of poison resistance
MPRegen  0.51/turn              K - ring of wizardry

@: noxious spew, regenerating quickly, slow
A: fangs 3, see invisible, agile 1, clarity, strong-willed 1, unbreathing
a: Exsanguinate, Renounce Religion, Evoke Invisibility, Minor Destruction,
Lesser Servant of Makhleb, Major Destruction, Greater Servant of Makhleb


You were on level 5 of the Lair of Beasts.
You worshipped Makhleb.
Makhleb was extremely pleased with you.
You visited 3 branches of the dungeon, and saw 18 of its levels.
You also visited: Ice Cave.

You collected 975 gold pieces.

Inventory:

Hand Weapons
 d - a +2 battleaxe of freezing
 r - the +8 glaive "Xeqaul" (weapon) {venom, +Inv Str+6}
   (You found it in an ice cave)

   It poisons the flesh of those it strikes.
   It affects your strength (+6).
   It lets you turn invisible.
 y - a +4 spear of venom
 D - a +0 scimitar of flaming
 N - a +7 halberd of freezing
 Q - the +10 dagger of Uwudd {speed, rF+ Dex+3 SInv, unknown}
   (You found it on level 2 of the Lair of Beasts)

   Attacks with this weapon are significantly faster.
   It affects your dexterity (+3).
   It protects you from fire.
   It lets you see invisible.
Missiles
 g - 7 silver javelins
 i - 54 poisoned darts (quivered)
 l - 2 throwing nets
Armour
 b - a +0 pair of boots (worn)
 e - a +1 cloak of cold resistance (worn)
 B - +0 steam dragon scales (worn)
 C - a +1 pair of gloves (worn)
 H - a +2 kite shield of cold resistance
 M - a +1 tower shield of cold resistance
 S - the +3 hat of Pondering (worn) {ponderous, Will+ MP+10 Int+5}
   (You took it off Gastronok on level 3 of the Lair of Beasts)

   It affects your intelligence (+5).
   It affects your willpower, your defense against some magical effects.
   It affects your magic capacity (+10).
Jewellery
 a - an uncursed ring of willpower
 j - an amulet of magic regeneration (around neck)
 G - an uncursed ring of ice
 I - a ring of poison resistance (left hand)
 K - a ring of wizardry (right hand)
Wands
 f - a wand of digging (9)
 p - a wand of iceblast (8)
 q - a wand of paralysis (12)
 v - a wand of acid (10)
 E - a wand of random effects (14)
 J - a wand of disintegration (15)
Scrolls
 k - 3 scrolls of magic mapping
 m - 2 scrolls of remove curse
 t - 3 scrolls of amnesia
 u - 4 scrolls of immolation
 w - 3 scrolls of teleportation
 x - 2 scrolls of enchant weapon
 T - 3 scrolls of fog
Potions
 c - 7 potions of mutation
 h - 4 potions of curing
 n - 2 potions of brilliance
 o - 6 potions of might
 z - a potion of heal wounds
 A - a potion of attraction
 F - 2 potions of lignification
 O - a potion of haste
 P - a potion of ambrosia
 R - a potion of resistance {unknown}
Miscellaneous
 s - a condenser vane (inert)
 L - a box of beasts


   Skills:
 * Level 9.8 Fighting
 - Level 2.1 Dodging
 - Level 6.7 Stealth
 * Level 11.0 Spellcasting
 * Level 11.2 Transmutations
 - Level 3.6 Fire Magic
 - Level 6.8 Ice Magic
 * Level 9.6 Poison Magic
 - Level 0.6 Invocations


You had 8 spell levels left.
You knew the following spells:

 Your Spells              Type           Power        Failure   Level
a - Olgreb's Toxic Radia  Pois           59%          1%          4
b - Frozen Ramparts       Ice            100%         1%          3
c - Ozocubu's Armour      Ice            50%          1%          3
d - Ignite Poison         Fire/Tmut/Pois 54%          1%          3
e - Eringya's Noxious Bo  Tmut/Pois      31%          3%          6
f - Poisonous Vapours     Pois/Air       78%          1%          2
g - Mephitic Cloud        Conj/Pois/Air  31%          1%          3
h - Blink                 Tloc           N/A          2%          2

Your spell library contained the following spells:

 Spells                   Type           Power        Failure   Level
 Beastly Appendage        Tmut           100%         1%          1
 Freeze                   Ice            100%         1%          1
 Magic Dart               Conj           56%          1%          1
 Sting                    Tmut/Pois      100%         1%          1
 Wereblood                Tmut           64%          1%          2
 Spider Form              Tmut/Pois      31%          1%          3
 Ice Form                 Ice/Tmut       57%          1%          4
 Petrify                  Tmut/Erth      43%          1%          4
 Alistair's Intoxication  Tmut/Pois      41%          1%          5
 Blade Hands              Tmut           32%          1%          5
 Call Imp                 Summ           14%          2%          2
 Slow                     Hex            14%          2%          2
 Sublimation of Blood     Necr           7%           2%          2
 Conjure Flame            Conj/Fire      23%          2%          3
 Hailstorm                Conj/Ice       32%          4%          4
 Summon Ice Beast         Ice/Summ       32%          4%          4
 Irradiate                Conj/Tmut      21%          4%          5


Dungeon Overview and Level Annotations

Branches:
Dungeon (12/15)            Temple (1/1) D:5            Lair (4/6) D:8
  Slime (0/5) Lair:5          Orc (0/2) D:11          IceCv (visited)
  Swamp: Lair:2-4    Shoals: Lair:2-4     Snake: Lair:2-4    Spider: Lair:2-4

Altars:
Ashenzari
Cheibriados
Dithmenos
Elyvilon
Fedhas
Gozag
Hepliaklqana
Kikubaaqudgha
Makhleb
Nemelex Xobeh
Okawaru
Qazlal
Ru
Sif Muna
Trog
Uskayaw
Vehumet
Wu Jian
Xom
Yredelemnul
Zin
The Shining One

Portals:
Abyss: D:4

Annotations:
D:6 exclusion: oklob plant
D:8 exclusion: oklob plant
D:11 2 transporters, RawMediocrity's ghost, journeyman OpTm
D:12 2 runed translucent doors


Innate Abilities, Weirdness & Mutations

Your natural rate of healing is unusually fast.
You have razor-sharp teeth.
You have supernaturally acute eyesight. (SInv)
You can survive without breathing.
You are agile. (Dex +2)
You possess an exceptional clarity of mind.
You are strong-willed. (Will+)


Message History

The nine-headed hydra is lightly wounded.
The nine-headed hydra festers in the toxic bog.
The nine-headed hydra looks as sick as possible!
The nine-headed hydra closely misses you.
The nine-headed hydra barely misses you.
The nine-headed hydra bites you but does no damage.
The nine-headed hydra bites you! The nine-headed hydra misses you.
The nine-headed hydra completely misses you.
The nine-headed hydra bites you! x2
The nine-headed hydra bites you but does no damage.
The nine-headed hydra festers in the toxic bog!
The nine-headed hydra looks as sick as possible!
The nine-headed hydra bites you! x2
* * * LOW HITPOINT WARNING * * *
The nine-headed hydra bites you!
* * * LOW HITPOINT WARNING * * *
The nine-headed hydra bites you.
* * * LOW HITPOINT WARNING * * *
The nine-headed hydra bites you!
You die...

##...## ##.### *,,,,,,*,* #....*
#..## ****,,**,* *#..### #...#
**,,*,,* *..## ##.#### *,,,,,,,
***,,* ##..#P#### ***,*,,,
**,,****** ##.+...#..# *##**##.
,,,+,,**,* #....≈...######.##....
,,.,,,,,**###.≈≈≈≈≈..#.##........
,,...,,,###...≈†@D≈≈.....>....<..
,,...Y.##...P≈≈≈≈≈≈≈.#PP.##......
,,....Y...PP≈≈≈≈≈≈≈≈.###.#*,.....
,,...Y.#..#P≈≈≈≈≈≈...# ###*,,....
,,....,####..≈≈≈...### **,,,...
,,..,,,* #.#....P+..# **,,,,,..
,,,,,,,* #####P##..## *,*,,,,,.
,,,,,,,** ####.## ***,,,,,,
,,,,,,,,* *,,,,* **,,,,,,


You could see a nine-headed hydra (extremely poisoned).

Vanquished Creatures
  Gastronok (Lair:3)
  A frost giant (IceCv)
  Harold (D:7)
  2 hydras
  Erica (D:8)
  2 two-headed ogres
  2 death yaks (Lair:5)
  6 elephants (Lair:3)
  A centaur zombie (D:10)
  3 cane toads
  Maggie (D:7)
  2 rime drakes
  6 komodo dragons
  13 polar bears
  5 trolls
  Prince Ribbit (D:7)
  6 blink frogs
  A wyvern (D:8)
  A basilisk (Lair:2)
  Eustachio (D:6)
  41 yaks
  The ghost of Psun the Skirmisher, an amateur GrFi (D:4)
  An acid dragon (D:9)
  Duvessa (D:4)
  6 water moccasins
  5 orc warriors
  9 ice beasts
  A sky beast (D:9)
  A necrophage (D:10)
  A black bear (D:10)
  A hornet zombie (D:10)
  An eye of draining (D:9)
  7 ogres
  2 phantoms
  14 wolves
  5 centaurs
  3 big kobolds
  12 bullfrogs
  Blork the orc (D:4)
  Dowan (D:4)
  A gnoll sergeant (D:6)
  6 scorpions
  A wyvern skeleton (D:10)
  4 killer bees (D:10)
  2 small abominations (D:4)
  11 wights
  4 electric eels
  A howler monkey (D:7)
  2 bullfrog zombies
  A crimson imp (D:4)
  A quasit (D:8)
  5 hounds
  2 jellies
  2 orc priests
  A centaur skeleton (D:10)
  2 iguanas
  5 orc wizards
  12 worker ants
  A hound skeleton (D:4)
  12 gnolls
  2 howler monkey skeletons (D:6)
  9 adders
  3 shadow imps
  2 white imps
  2 ufetubi
  2 oozes
  An adder zombie (D:5)
  3 adder skeletons
  4 worms
  2 dart slugs
  7 leopard geckos
  44 orcs
  A ball python (D:7)
  8 giant cockroaches
  5 hobgoblins
  8 jackals
  24 kobolds
  6 quokkas
  9 bats
  4 frilled lizards
  7 goblins
  2 leopard gecko skeletons
  6 rats
408 creatures vanquished.

Vanquished Creatures (others)
  6 fungi
  11 plants
  4 toadstools (D:1)
21 creatures vanquished.

Grand Total: 429 creatures vanquished

Notes
Turn   | Place    | Note
-------+----------+-------------------------------------------
     0 | D:1      | Amplified the Vampire Ice Elementalist began the quest for
                  | the Orb.
     0 | D:1      | Reached XP level 1. HP: 13/13 MP: 3/3
   191 | D:1      | Reached XP level 2. HP: 16/20 MP: 0/5
   828 | D:1      | Reached skill level 1 in Fighting
  1365 | D:2      | Reached XP level 3. HP: 26/26 MP: 3/6
  1633 | D:3      | Gained mutation: You are agile. (Dex +2) [potion of
                  | mutation]
  1633 | D:3      | Gained mutation: You are strong-willed. (Will+) [potion of
                  | mutation]
  1633 | D:3      | Gained mutation: You possess an exceptional clarity of
                  | mind. [potion of mutation]
  1914 | D:3      | Learned a level 3 spell: Frozen Ramparts
  1921 | D:3      | Reached XP level 4. HP: 25/25 MP: 5/8
  2444 | D:3      | Learned a level 3 spell: Ozocubu's Armour
  2500 | D:2      | Found a white marble altar of Elyvilon.
  2793 | D:2      | Reached XP level 5. HP: 30/33 MP: 3/9
  2957 | D:2      | Reached skill level 5 in Ice Magic
  3361 | D:4      | Noticed a small abomination
  3365 | D:4      | Noticed Psun's ghost (amateur GrFi)
  3497 | D:4      | Found a transporter.
  3512 | D:4      | Found a transporter.
  3518 | D:4      | Found a one-way gate to the infinite horrors of the Abyss.
  3577 | D:4      | Noticed Blork the orc
  3586 | D:4      | Killed Blork the orc
  3587 | D:4      | Reached skill level 5 in Stealth
  3587 | D:4      | Reached XP level 6. HP: 38/38 MP: 11/11
  3591 | D:4      | Found a shimmering blue altar of Sif Muna.
  3657 | D:4      | Noticed Dowan
  3659 | D:4      | Noticed Duvessa
  3674 | D:4      | Killed Duvessa
  3737 | D:4      | Killed Dowan
  3822 | D:4      | Found a radiant altar of Vehumet.
  3998 | D:4      | Reached XP level 7. HP: 45/48 MP: 8/13
  4290 | D:5      | Entered Level 5 of the Dungeon
  4560 | D:5      | Reached skill level 5 in Spellcasting
  4647 | D:5      | Found a staircase to the Ecumenical Temple.
  4660 | Temple   | Entered the Ecumenical Temple
  4716 | Temple   | Became a worshipper of Makhleb the Destroyer
  4811 | D:5      | Learned a level 3 spell: Ignite Poison
  4968 | D:5      | Reached XP level 8. HP: 48/55 MP: 14/16
  5007 | D:5      | Learned a level 6 spell: Eringya's Noxious Bog
  5012 | D:6      | Reached skill level 1 in Transmutations
  5129 | D:6      | Noticed Eustachio
  5141 | D:6      | Reached skill level 1 in Fire Magic
  5141 | D:6      | Reached skill level 1 in Poison Magic
  5143 | D:6      | Killed Eustachio
  5339 | D:6      | Noticed an oklob plant
  5447 | D:6      | Reached * piety under Makhleb
  6052 | D:7      | Found a sparkling altar of Nemelex Xobeh.
  6053 | D:7      | Found a hide-covered altar of Uskayaw.
  6058 | D:7      | Learned a level 2 spell: Poisonous Vapours
  6058 | D:7      | Found a shimmering altar of Xom.
  6058 | D:7      | Found a sacrificial altar of Ru.
  6221 | D:7      | Noticed Harold
  6255 | D:7      | Noticed Prince Ribbit
  6275 | D:7      | Killed Harold
  6276 | D:7      | Reached XP level 9. HP: 52/65 MP: 15/18
  6283 | D:7      | Killed Prince Ribbit
  6414 | D:7      | Noticed a troll
  6524 | D:7      | Noticed Maggie
  6609 | D:7      | Killed a troll
  6631 | D:7      | Killed Maggie
  7213 | D:8      | Reached skill level 5 in Transmutations
  7304 | D:8      | Found a blossoming altar of Fedhas.
  7317 | D:8      | Noticed an oklob plant
  7410 | D:8      | Noticed a troll
  7606 | D:8      | Killed a troll
  7607 | D:8      | Reached XP level 10. HP: 73/73 MP: 15/20
  7644 | D:8      | Reached skill level 5 in Fighting
  7681 | D:8      | Noticed Erica
  7694 | D:8      | Killed Erica
  7695 | D:8      | Reached skill level 5 in Poison Magic
  7740 | D:8      | Reached ** piety under Makhleb
  7955 | D:8      | Found a staircase to the Lair.
  9126 | D:9      | Noticed a two-headed ogre
  9136 | D:9      | Killed a two-headed ogre
  9191 | D:9      | Found a white marble altar of Elyvilon.
  9448 | D:9      | Reached *** piety under Makhleb
  9708 | D:10     | Entered Level 10 of the Dungeon
  9929 | D:10     | Reached XP level 11. HP: 74/83 MP: 23/23
 10070 | D:10     | Noticed a two-headed ogre
 10079 | D:10     | Killed a two-headed ogre
 10567 | D:11     | Noticed an eight-headed hydra
 10613 | D:11     | Found a staircase to the Orcish Mines.
 10728 | D:11     | Found a frozen archway.
 10734 | D:11     | Reached **** piety under Makhleb
 10816 | IceCv    | Entered an ice cave
 10971 | IceCv    | Learned a level 4 spell: Olgreb's Toxic Radiance
 11659 | IceCv    | Noticed a frost giant
 11666 | IceCv    | Killed a frost giant
 11667 | IceCv    | Reached XP level 12. HP: 81/92 MP: 13/25
 11720 | IceCv    | Got a faintly glowing glaive
 11837 | IceCv    | Learned a level 3 spell: Mephitic Cloud
 11891 | D:11     | Identified the +8 glaive "Xeqaul" {venom, +Inv Str+6} (You
                  | found it in an ice cave)
 11984 | D:11     | Killed an eight-headed hydra
 12061 | D:11     | Found a transporter.
 12150 | D:11     | Found a transporter.
 12159 | D:11     | Noticed RawMediocrity's ghost (journeyman OpTm)
 12364 | D:12     | Found a runed translucent door.
 12374 | D:12     | Got a dazzling hunting sling
 12809 | D:12     | Found a runed translucent door.
 13069 | D:12     | Identified the +3 hunting sling "Xairof" {vorpal, MP-9
                  | Int+4 Stlth+} (You found it on level 12 of the Dungeon)
 13281 | D:4      | Killed Psun's ghost
 13452 | Lair:1   | Entered Level 1 of the Lair of Beasts
 13601 | Lair:1   | Reached skill level 10 in Spellcasting
 13643 | Lair:1   | Reached ***** piety under Makhleb
 13933 | Lair:1   | Reached skill level 10 in Transmutations
 14022 | Lair:1   | Noticed a six-headed hydra
 14645 | Lair:2   | Found a hide-covered altar of Uskayaw.
 14793 | Lair:2   | Got an ichor-stained dagger
 15189 | Lair:3   | Noticed a six-headed hydra
 15193 | Lair:3   | Killed a six-headed hydra
 15251 | Lair:3   | Reached XP level 13. HP: 101/101 MP: 9/27
 15413 | Lair:3   | Noticed Gastronok
 15432 | Lair:3   | Killed Gastronok
 15935 | Lair:4   | You fall into a shaft and drop 1 floor!
 15959 | Lair:5   | Learned a level 2 spell: Blink
 16187 | Lair:5   | Slain by a nine-headed hydra

Illustrated notes

Levels and vault maps discovered:
D:1:      ldierk_walled_garden_2, layout_loops_corners, serial_forest,
          infiniplex_forest_lined_room_, infiniplex_forest_corner_1,
          infiniplex_forest_lined_4_way, infiniplex_forest_lined_1,
          infiniplex_forest_lined_4_way, infiniplex_forest_lined_room_2,
          infiniplex_forest_straight_2, chequers_serial_rivers_marsh,
          grunt_decor_arrowhead
D:2:      layout_loops_ring, lemuel_doored_altar
D:3:      layout_loops_cross
D:4:      layout_basic, tgw_sif, nicolae_overflow_crystal_walls,
          gammafunk_ghost_abyssal_escape, grunt_ministairs_11, uniq_duvessa
D:5:      layout_gridville, minmay_temple_entry_large_hall
D:6:      layout_basic, lemuel_oklob_altar, uniq_blork_the_orc, uniq_eustachio
D:7:      layout_loops_ring, chequers_temple_overflow_statue_of_worship,
          minmay_misc_feat_tiny, uniq_maggie, uniq_harold, uniq_prince_ribbit1
D:8:      minmay_evil_eye, layout_loops_ring, tgw_fedhas, erik_lair_island,
          grunt_ministairs_7, uniq_erica
D:9:      layout_loops_ring, grunt_ministairs_4, minmay_misc_feat_enclosed,
          elyvilon_altar_3
D:10:     layout_roguey, serial_undead, serial_undead_e, serial_undead_f,
          serial_undead_e, serial_undead_b
D:11:     layout_long_grid, david_orc_2, nzn_ghost_randoct,
          portal_ice_cave_entry_ice_beasts
D:12:     cheibrodos_histonic, layout_irregular_city, minmay_holes
Temple:   eino_temple_lava
Lair:1:   layout_hall_layers, serial_bayou_pond_b
Lair:2:   layout_regular_city, basic_altar
Lair:3:   layout_long_grid, uniq_gastronok
Lair:4:   layout_gridlike, swamp_mist, guppyfry_snake_entry_island
Lair:5:   layout_roguey, dpeg_slime_entry_corner

Skill      XL: |  1  2  3  4  5  6  7  8  9 10 11 12 13 |
---------------+----------------------------------------+-----
Fighting       | 1 3 4 6 8 9 |  9.8
Stealth        | 4 5 6 |  6.7
Spellcasting   | 3 4 5 6 7 8 9 10 11 | 11.0
Ice Magic      | 5 6 |  6.8
Transmutations | 3 5 7 9 10 11 | 11.2
Fire Magic     | 2 3 |  3.6
Poison Magic   | 3 4 6 7 9 |  9.6
Dodging        | |  2.1
Invocations    | |  0.6

Action                   |  1- 3 |  4- 6 |  7- 9 | 10-12 | 13-15 || total
-------------------------+-------+-------+-------+-------+-------++-------
Melee: Unarmed           |    55 |    55 |    57 |       |       ||   167
       Bite              |     9 |     4 |    18 |    47 |     5 ||    83
       Spear             |       |       |   113 |   424 |       ||   537
       Glaive            |       |       |       |    95 |    22 ||   117
Throw: Dart              |     4 |     2 |     3 |     2 |       ||    11
 Cast: Freeze            |    52 |    41 |    47 |       |       ||   140
       Frozen Ramparts   |     1 |    16 |    34 |    33 |       ||    84
       Ozocubu's Armour  |       |       |     2 |     4 |       ||     6
       Poisonous Vapours |       |       |     1 |    71 |       ||    72
       Ignite Poison     |       |       |     1 |    56 |    11 ||    68
       Olgreb's Toxic Ra |       |       |       |    37 |    18 ||    55
       Eringya's Noxious |       |       |       |     3 |     3 ||     6
       Mephitic Cloud    |       |       |       |     1 |       ||     1
 Abil: Exsanguinate      |     1 |       |       |       |       ||     1
       Revivify          |       |     1 |       |       |       ||     1
Evoke: Wand              |     2 |    12 |    24 |    27 |       ||    65
       Condenser vane    |       |       |       |       |     1 ||     1
  Use: Scroll            |     1 |     6 |     9 |    15 |     2 ||    33
       Potion            |     1 |       |     3 |    12 |       ||    16
 Stab: Distracted        |       |       |     1 |     1 |       ||     2
       Paralysed         |       |       |    17 |    17 |       ||    34
       Sleeping          |       |       |     1 |    15 |       ||    16
Armor: Robe              |    10 |       |       |       |       ||    10
       Ring mail         |    24 |    35 |    55 |       |       ||   114
       Steam dragon scal |       |       |    12 |   168 |    11 ||   191
Dodge: Dodged            |    56 |    46 |   107 |   339 |    29 ||   577
